 Dungeon Crawl Stone Soup version 0.18.1-50-g88ac8fd (webtiles) character file.

872 wolfsongas the Ducker (level 8, -9/52 HPs)
             Began as an Octopode Gladiator on May 1, 2017.
             Was an Initiate of Nemelex Xobeh.
             Mangled by an ice beast (14 damage)
             ... on level 5 of the Dungeon.
             The game lasted 00:25:42 (5400 turns).

wolfsongas the Ducker (Octopode Gladiator)          Turns: 5400, Time: 00:26:02

Health: -9/52      AC:  1    Str: 16    XL:     8   Next: 4%
Magic:  8/8        EV: 10    Int: 10    God:    Nemelex Xobeh [......]
Gold:   163        SH: 22    Dex: 13    Spells: 0 memorised, 7 levels left

rFire  . . .     SeeInvis .     k - +2 hand axe (venom)
rCold  . . .     Gourm    .     j - +4 large shield
rNeg   . . .     Faith    .     b - +0 hat
rPois  .         Spirit   .     l - +5 amulet of reflection
rElec  .         Dismiss  .     (no ring)
rCorr  .         Reflect  +     (no ring)
SustAt .         Harm     .     (no ring)
MR     .....                    (no ring)
Stlth  ++++......               (no ring)
                                (no ring)
                                (no ring)
                                (no ring)

@: not resistant to hostile enchantments, stealthy
A: almost no armour, amphibious, 8 rings, constrict 8, camouflage 1, gelatinous
body 1
a: Renounce Religion


You were on level 5 of the Dungeon.
You worshipped Nemelex Xobeh.
Nemelex Xobeh was noncommittal.
You were not hungry.

You visited 2 branches of the dungeon, and saw 6 of its levels.
You also visited: Sewer.

You collected 163 gold pieces.

Inventory:

Hand Weapons
 a - a +0 flail
 e - a +1 dagger of flaming
 g - a +0 short sword
 h - a +0 club
 i - a +0 short sword
 k - a +2 hand axe of venom (weapon)
 s - a +0 mace
 t - a +4 quarterstaff of chaos
 u - a +0 dagger
 w - a +0 falchion of protection
Missiles
 c - 3 throwing nets (quivered)
Armour
 b - a +0 hat (worn)
 j - a +4 large shield (worn)
 r - a +2 buckler
Jewellery
 l - a +5 amulet of reflection (around mantle)
Scrolls
 f - 6 scrolls of remove curse
 p - 2 scrolls of teleportation
 v - a scroll of fear
Potions
 m - 4 potions of flight
 o - 3 potions of might {unknown}
 x - 4 potions of heal wounds {unknown}
 z - 3 potions of agility {unknown}
 B - 2 potions of brilliance {unknown}
Miscellaneous
 y - a plain deck of escape {drawn: 3}
Comestibles
 d - 2 bread rations
 n - 3 meat rations
 q - a slice of pizza


   Skills:
 + Level 3.2 Fighting
 + Level 2.8(3.6) Axes
 + Level 3.4(3.9) Maces & Flails
 + Level 2.0 Throwing
 + Level 5.8 Dodging
 + Level 4.8 Stealth
 + Level 4.2 Shields


You had 7 spell levels left.
You didn't know any spells.

Dungeon Overview and Level Annotations

Branches:
Dungeon (5/15)             Temple (1/1) D:4

Altars:
Cheibriados
Elyvilon
Gozag
Kikubaaqudgha
Makhleb
Nemelex Xobeh
Ru
Sif Muna
Trog
Vehumet
Yredelemnul
Zin
The Shining One


Innate Abilities, Weirdness & Mutations

You cannot wear most types of armour.
You are amphibious.
You can wear up to eight rings at the same time.
You can use your tentacles to constrict eight enemies at once.
Your skin changes colour to match your surroundings (Stealth).
Your rubbery body absorbs attacks (AC +1).


Message History

The ice beast is almost dead.
You hit the ice beast but do no damage.
The ice beast is severely wounded.
You block the ice beast's attack. x3
You slash the ice beast!
You kill the ice beast!
You have reached level 8!
You hit the ice beast.
The ice beast is severely wounded.
You block the ice beast's attack.
You hit the ice beast.
The ice beast is almost dead.
The ice beast completely misses you.
You hit the ice beast.
The ice beast is almost dead.
The ice beast hits you.
* * * LOW HITPOINT WARNING * * *
The ice beast freezes you!
You die...
Your body disappears without a glow.

..<...#.##.#
#####.#.##.#
#.#.##.#
#.#.##.#
#.#.##.#
#.#.##.#
##.#.##.##
.........##
...#...Y@.#
#........#
#........#
#........#
..##......#
### ##...#.#
#.....#
#..####


You could see an ice beast.

Vanquished Creatures
  A water moccasin (D:4)
  An ice beast (D:5)
  3 big kobolds (Sewer)
  A giant frog (D:4)
  A hound (D:4)
  Crazy Yiuf (D:3)
  An orc wizard (D:4)
  An iguana (D:4)
  2 worker ants
  3 adders
  7 river rats (Sewer)
  2 oozes
  An adder skeleton (D:4)
  3 worms (D:2)
  2 dart slugs
  5 giant geckos
  4 orcs (D:4)
  5 ball pythons (Sewer)
  5 giant cockroaches
  5 goblins
  9 hobgoblins
  8 jackals (D:3)
  20 kobolds
  4 quokkas
  7 bats
  A giant cockroach zombie (D:3)
  3 giant newts
  A quokka zombie (D:5)
  27 rats
  A bush (D:3)
  2 fungi (D:3)
137 creatures vanquished.

Notes
Turn   | Place    | Note
--------------------------------------------------------------
     0 | D:1      | wolfsongas the Octopode Gladiator began the quest for the Orb.
     0 | D:1      | Reached XP level 1. HP: 14/14 MP: 1/1
   601 | D:1      | Reached XP level 2. HP: 13/19 MP: 2/2
  1359 | D:1      | Reached skill level 1 in Stealth
  1907 | D:2      | Reached XP level 3. HP: 24/24 MP: 3/3
  2770 | D:2      | You fall through a shaft!
  2940 | D:3      | Reached XP level 4. HP: 22/30 MP: 4/4
  3088 | D:3      | Noticed Crazy Yiuf
  3093 | D:3      | Killed Crazy Yiuf
  3093 | D:3      | Reached skill level 1 in Shields
  3555 | D:3      | You fall through a shaft!
  3557 | D:4      | Found a radiant altar of Vehumet.
  3561 | D:4      | Reached XP level 5. HP: 31/35 MP: 5/5
  3563 | D:4      | Reached skill level 4 in Dodging
  3593 | D:4      | Found a deep blue altar of Sif Muna.
  3593 | D:4      | Found a glowing silver altar of Zin.
  3595 | D:4      | Found a burning altar of Makhleb.
  3682 | D:4      | Found a glowing drain.
  3688 | Sewer    | Entered a sewer
  3730 | Sewer    | Noticed a big kobold
  3737 | Sewer    | Killed a big kobold
  3737 | Sewer    | Reached skill level 1 in Axes
  3737 | Sewer    | Reached XP level 6. HP: 37/41 MP: 6/6
  3933 | Sewer    | Reached skill level 5 in Dodging
  3959 | Sewer    | Reached XP level 7. HP: 25/45 MP: 7/7
  5046 | D:4      | Found a staircase to the Ecumenical Temple.
  5065 | Temple   | Entered the Ecumenical Temple
  5081 | Temple   | Became a worshipper of Nemelex Xobeh the Trickster
  5219 | D:4      | Received a gift from Nemelex Xobeh
  5360 | D:5      | Entered Level 5 of the Dungeon
  5398 | D:5      | Reached XP level 8. HP: 7/52 MP: 8/8
  5400 | D:5      | Mangled by an ice beast

Skill      XL: |  1  2  3  4  5  6  7 |
---------------+----------------------+-----
Stealth        | 1 2 3 4 |  4.8
Shields        | 1 2 3 4 |  4.2
Dodging        | 4 5 |  5.8
Axes           | 1 2 |  2.8
Fighting       | 3 |  3.2
Maces & Flails | |  3.4
Throwing       | |  2.0

Action                   |  1- 3 |  4- 6 |  7- 9 || total
-------------------------+-------+-------+-------++-------
Melee: Flail             |    13 |       |       ||    13
       Tentacles         |    16 |    29 |    13 ||    58
       Constrict         |    18 |    30 |    17 ||    65
       Hand axe          |    56 |   119 |    72 ||   247
       Club              |     1 |       |       ||     1
Evoke: Deck              |       |       |     3 ||     3
  Use: Scroll            |    11 |     5 |     1 ||    17
       Potion            |       |     2 |     2 ||     4
 Stab: Sleeping          |     6 |     2 |     5 ||    13
       Distracted        |     1 |       |       ||     1
  Eat: Bread ration      |     1 |     1 |     1 ||     3
       Beef jerky        |     1 |       |       ||     1
Armor: Skin              |    12 |     1 |     1 ||    14
Dodge: Dodged            |    36 |    23 |    21 ||    80
Block: Large shield      |    46 |    94 |    75 ||   215
       Reflection        |       |     2 |       ||     2
